 Dungeon Crawl Stone Soup version 0.30.1-11-g7821555f0a (webtiles) character file.

Game seed: 3459657302103089994

2 Peloso the Shield-Bearer (level 1, 22/22 HPs)
             Began as a Minotaur Fighter on Nov 14, 2023.
             Got out of the dungeon alive.
             The game lasted 00:00:34 (178 turns).

Peloso the Shield-Bearer (Minotaur Fighter)          Turns: 178, Time: 00:00:35

Health: 22/22      AC:  6    Str: 20    XL:     1   Next: 25%
Magic:  0/0        EV:  9    Int:  5    God:
Gold:   14         SH:  4    Dex:  9    Spells: 0/0 levels left

rFire   . . .        a - +0 long sword
rCold   . . .        c - +0 buckler
rNeg    . . .        b - +0 scale mail
rPois   .            (helmet restricted)
rElec   .            (no cloak)
rCorr   .            (no gloves)
SInv    .            (no boots)
Will    .....        (no amulet) Stlth
                     (no ring)
HPRegen 0.23/turn    (no ring)
MPRegen 0.07/turn

%: no passive effects
@: no status effects
A: horns 2, retaliatory headbutt, robust 1, no potion heal 1
a: no special abilities


You escaped.
You visited 1 branch of the dungeon, and saw 1 of its levels.

You collected 14 gold pieces.

Inventory:

Hand Weapons
 a - a +0 long sword (weapon)
Armour
 b - a +0 scale mail (worn)
 c - a +0 buckler (worn)
Jewellery
 g - a ring of protection from fire
Scrolls
 f - a scroll of identify {unknown}
Potions
 d - a potion of might


   Skills:
 + Level 3.6 Fighting
 + Level 2.4 Long Blades
 + Level 3.6 Armour
 + Level 3.7 Shields


You couldn't memorise any spells.
You didn't know any spells.
Your spell library was empty.

Dungeon Overview and Level Annotations

Branches:
Dungeon (1/15)

Altars:


Innate Abilities, Weirdness & Mutations

You have a pair of horns on your head.
You reflexively headbutt those who attack you in melee.
You are robust. (+10% HP)
Potions are less effective at restoring your health.


Message History

The ball python grabs you. The ball python constricts you.
You hit the ball python.
You kill the ball python!
You see here a ball python corpse.
e - a lumpy green potion
Found a flail.
You see here a +0 flail.
An endoplasm comes into view.
An endoplasm is nearby!
You see here 14 gold pieces.
An endoplasm is nearby!
The endoplasm barely misses you.
You hit the endoplasm.
The endoplasm is severely wounded.
You block the endoplasm's attack.
You barely miss the endoplasm.
The endoplasm is heavily wounded.
The endoplasm freezes you.
You are frozen.
The endoplasm freezes you.
You are frozen.
You hit the endoplasm. You headbutt the endoplasm.
You kill the endoplasm!
HP restored.
You now have 14 gold pieces.
Found a hand axe.
f - a scroll labelled SUSMIMEOWKI You see here a +0 hand axe.
g - a ring of protection from fire It was a potion of mutation.
You feel extremely strange.
Your system partially rejects the healing effects of potions.
You feel robust.
(D) Dungeon
Where to? (? - help)
What level of the Dungeon? (default 1, ? - help)
You see here a +0 hand axe.
You see here a +0 flail.
There is a staircase leading out of the dungeon here.
Are you sure you want to leave the Dungeon?
This will make you lose the game!
You have escaped!

#.##.#......#.#
#..)...#
.....#..##.÷###
##.#####
....>#..##..# #.#
.....#......## #.#
....##..÷....### #.#
....##......÷..####.#
........###......##..
#.#..).## ###..÷.#...
.†###### ##...@# .##
##....## .###.#
###.....# .....#
#.....### .#####
#...### .########...#
........#...##
..##.####....##
..##.# #..##..#


There were no monsters in sight!

Vanquished Creatures
  An endoplasm (D:1)
  A ball python (D:1)
2 creatures vanquished.

Notes
Turn   | Place    | Note
-------+----------+-------------------------------------------
     0 | D:1      | Peloso the Minotaur Fighter began the quest for the Orb.
     0 | D:1      | Reached XP level 1. HP: 19/19 MP: 0/0
   135 | D:1      | Gained mutation: Potions are less effective at restoring
                  | your health. [potion of mutation]
   135 | D:1      | Gained mutation: You are robust. (+10% HP) [potion of
                  | mutation]
   178 | D:$      | Got out of the dungeon alive.

Illustrated notes

Levels and vault maps discovered:
D:1:      amcnicky_arrival_wind_blow, layout_loops_cross,
          shapermc_ecumenical_altar_notcrosses

Action                     || total
---------------------------++-------
  Melee: Long sword        ||     5
         Headbutt          ||     1
    Use: Potion            ||     1
  Dodge: Dodged            ||     1
  Block: Buckler           ||     2
